[Event "RUDAR 2 IM 2022"]
[Site "Pozarevac"]
[Date "2022.04.06"]
[Round "5.2"]
[White "Velikic, Adela"]
[Black "Savitha Shri B"]
[Result "1-0"]
[ECO "B42"]
[WhiteElo "2258"]
[BlackElo "2257"]
[Annotator "TA"]
[PlyCount "65"]
[EventDate "2022.03.27"]
[EventType "tourn"]
[EventCountry "SRB"]
[SourceTitle "playchess.com"]
[Source "ChessBase"]
[SourceQuality "1"]
[TimeControl "40/5400+30:900+30"]

1. e4 c5 2. Nf3 e6 3. d4 cxd4 4. Nxd4 a6 5. Bd3 Nc6 6. Nxc6 bxc6 7. O-O Qc7 8. b3 Be7 9. Ba3 d5 10. Bxe7 Nxe7 11. Nd2 Ng6 12. Re1 O-O 13. Nf3 a5 14. e5 c5 15. Qd2 Qe7 16. c3 Bb7 17. Rad1 Rad8 18. Qc1 f5 (18... h6 $11) 19. exf6 $1 $14 Qxf6 20. Bxg6 Qxg6 {[%emt 0:06:23] [#]} 21. Qg5 (21. Ne5 $1 $16 Qe8 22. Qe3) 21... Qf7 22. Qg3 Qf6 23. Qc7 Ba8 24. Qxc5 ({Weaker is} 24. Qxa5 d4 25. Qa6 (25. Rd3 $2 e5 $19) 25... Bxf3 26. gxf3 dxc3 27. Rxd8 Rxd8 $15) 24... d4 25. Rxd4 Bxf3 ({Better is} 25... Rc8 26. Qe5 Bxf3) 26. Rxd8 $16 ({Reject} 26. gxf3 $6 Qxf3 27. Rxd8 Qg4+ 28. Kh1 Qf3+ 29. Kg1 Qg4+ 30. Kh1 Qf3+ 31. Kg1 $11) 26... Rxd8 27. gxf3 Qxf3 28. Qe3 Qg4+ 29. Kf1 Kf7 30. Qg3 Qh5 $2 (30... Qxg3 $16 31. hxg3 Rd3) 31. Qc7+ Kg6 32. Rxe6+ Kf5 33. Re5+ 1-0

[Event "RUDAR 2 IM 2022"]
[Site "Pozarevac"]
[Date "2022.04.06"]
[Round "5.3"]
[White "Andreev, Konstantin"]
[Black "Ivanovic, Marko"]
[Result "1-0"]
[ECO "C56"]
[WhiteElo "2238"]
[BlackElo "2302"]
[Annotator "TA"]
[PlyCount "97"]
[EventDate "2022.03.27"]
[EventType "tourn"]
[EventCountry "SRB"]
[SourceTitle "playchess.com"]
[Source "ChessBase"]
[SourceQuality "1"]
[TimeControl "40/5400+30:900+30"]

1. e4 e5 2. Nf3 Nc6 3. Bc4 Nf6 4. d4 exd4 5. e5 d5 6. Bb5 Ne4 7. Nxd4 Bd7 8. Bxc6 bxc6 9. O-O Be7 10. f3 Nc5 11. f4 O-O 12. Nc3 f5 13. Be3 Ne6 14. Nb3 a5 15. Na4 Qb8 16. c4 Rd8 17. cxd5 Bc8 18. d6 cxd6 19. exd6 Bxd6 20. Qf3 Ba6 21. Rfd1 Bb5 22. Nac5 Nxc5 23. Nxc5 Bxc5 24. Bxc5 Qc7 25. Bd4 Rd5 26. Be5 Qa7+ 27. Kh1 Rad8 28. Rxd5 Rxd5 29. Rc1 (29. Rd1 $5 Qe3 30. Qxe3 Rxd1+ 31. Qg1 $1 Rxg1+ 32. Kxg1 $11) 29... Qd7 30. h3 Rd3 31. Qh5 Rd2 (31... Qf7 $11 32. Qxf7+ Kxf7) 32. Re1 (32. Bc3 $14 Re2 33. a4) 32... g6 (32... Qf7 $11 33. Qf3 a4) 33. Qg5 Qe6 34. Qh6 Qe7 {[%emt 0:00:24] [#]} 35. Kh2 $1 Re2 $2 {[%emt 0:00:42][%mdl 8192] [#]} (35... c5 $16 {keeps fighting.}) 36. Rd1 $1 $18 Rxe5 37. fxe5 Qxe5+ 38. Kh1 Qe7 39. Qd2 Bc4 40. Qd8+ Qxd8 41. Rxd8+ Kf7 42. b3 Bd5 43. Ra8 Ke6 44. Rxa5 h5 45. h4 f4 46. Ra8 Kf5 47. Kh2 Kg4 48. Rd8 Kxh4 49. Rxd5 $2 (49. Rd6 $18 g5 50. a4 Bxb3 51. a5) 1-0

[Event "RUDAR 2 IM 2022"]
[Site "Pozarevac"]
[Date "2022.04.06"]
[Round "5.4"]
[White "Anishka Vikram"]
[Black "Bryakin, Mikhail"]
[Result "0-1"]
[ECO "A41"]
[WhiteElo "2000"]
[BlackElo "2481"]
[Annotator "TA"]
[PlyCount "110"]
[EventDate "2022.03.27"]
[EventType "tourn"]
[EventCountry "SRB"]
[SourceTitle "playchess.com"]
[Source "ChessBase"]
[SourceQuality "1"]
[TimeControl "40/5400+30:900+30"]

1. d4 d6 2. c4 e5 3. d5 a5 4. Nc3 Na6 5. e4 g6 6. Nf3 h5 7. Be2 Bh6 8. b3 Bxc1 9. Rxc1 Bg4 10. a3 h4 11. h3 Bxf3 12. Bxf3 f5 13. exf5 gxf5 14. Bh5+ Kf8 15. Be2 Qg5 16. Qc2 Ne7 17. Rg1 Ng6 18. g4 hxg3 19. Rxg3 Qf6 20. Kd2 Kf7 21. Rcg1 Rag8 22. Rg5 Ne7 23. Rxg8 Rxg8 24. Rxg8 Nxg8 25. Bh5+ Kf8 26. Qd1 Qh4 27. Ke1 Nf6 28. Be2 Qxh3 29. Qd3 Qh1+ 30. Kd2 $2 (30. Bf1 $17) 30... Nc5 $19 31. Qb1 Qxb1 32. Nxb1 Nxb3+ 33. Kc3 Nc5 34. f3 Kg7 35. Nd2 (35. Kc2 $142 Nfd7 36. Nc3) 35... Kh6 $19 36. Nf1 Kg5 37. Bd1 Kf4 38. Kd2 Nfd7 39. Ne3 Nb6 40. Bc2 Kxf3 41. Bxf5 Ne4+ 42. Kd3 Nf2+ 43. Kd2 Kf4 44. Ke2 Ne4 45. Bg6 Nf6 46. Bd3 e4 47. Bb1 Ng4 48. Nxg4 Kxg4 49. Bxe4 Nxc4 50. Bd3 Nxa3 51. Kd2 b5 52. Kc3 Kf4 53. Kb3 Nc4 54. Bxc4 bxc4+ 55. Kxc4 Ke5 0-1

[Event "RUDAR 2 IM 2022"]
[Site "Pozarevac"]
[Date "2022.04.06"]
[Round "5.5"]
[White "Dudukovic, Nikola"]
[Black "Rajkovic, Aleksandar"]
[Result "1/2-1/2"]
[ECO "C42"]
[WhiteElo "2362"]
[BlackElo "2181"]
[Annotator "TA"]
[PlyCount "152"]
[EventDate "2022.03.27"]
[EventType "tourn"]
[EventCountry "SRB"]
[SourceTitle "playchess.com"]
[Source "ChessBase"]
[SourceQuality "1"]
[TimeControl "40/5400+30:900+30"]

1. e4 e5 2. Nf3 Nf6 3. Nxe5 d6 4. Nf3 Nxe4 5. Nc3 Nxc3 6. dxc3 Be7 7. Bf4 Nc6 8. Qd2 Bg4 9. Be2 Qd7 10. O-O-O O-O-O 11. h3 Be6 12. Ng5 Bxg5 13. Bxg5 Rde8 14. c4 Bf5 15. Rhe1 Re4 16. Qc3 f6 17. Be3 Qe6 18. b3 Qe5 19. Qxe5 Rxe5 20. a3 Rhe8 21. Rd5 Be4 22. Rxe5 Rxe5 23. g4 a5 24. Kd2 Re7 25. Rf1 g5 26. Bd1 Bg2 27. Rg1 Be4 28. f3 Bg6 29. f4 h6 30. h4 gxf4 31. Bxf4 Rh7 32. Re1 Ne5 33. c5 Kd7 34. cxd6 cxd6 35. Rg1 Ke6 36. Be2 Be4 37. Rg3 Ng6 38. Re3 d5 39. Bg3 f5 40. gxf5+ Kxf5 41. Rc3 Ne5 42. Rc8 Rg7 43. Rf8+ Rf7 44. Rxf7+ Nxf7 45. Bc7 Ne5 46. Bxa5 Nf3+ 47. Bxf3 Bxf3 48. a4 (48. Kc3 $16) 48... Ke5 (48... d4 $14) 49. Bc7+ (49. Ke3 $16 Be4 50. Bc3+ Ke6 51. Kd2) 49... Ke6 (49... Ke4 $14) 50. b4 (50. Bb6 $16) 50... h5 ({Black should try} 50... d4 $1 $14) 51. b5 (51. Bb6 $16) 51... Kd7 (51... d4 $1 $14) 52. Bb6 $16 Kc8 53. Kc3 Kb8 54. a5 Be2 55. Kb4 Bd1 56. c3 Be2 57. Kc5 Bc4 {[%emt 0:00:44] [#]} 58. Bd8 $1 Ka7 59. Bc7 Ka8 60. Kb6 Bd3 61. a6 bxa6 62. Kxa6 Be2 63. Kb6 Bd1 64. Kc6 Ba4 65. Be5 Ka7 66. Bd4+ Kb8 67. Kb6 Ka8 68. Ka6 Bd1 69. Kb6 (69. Be5 $16) 69... Bc2 (69... Ba4 $1 $11 {keeps the balance.}) 70. Be5 Bd1 71. Kc7 Be2 72. Kc6 Bc4 73. Bc7 Be2 74. b6 Ba6 75. Kxd5 Bb7+ 76. Kd6 Bf3 1/2-1/2

[Event "RUDAR 2 IM 2022"]
[Site "Pozarevac"]
[Date "2022.04.07"]
[Round "7.1"]
[White "Acor, Corey"]
[Black "Bryakin, Mikhail"]
[Result "0-1"]
[ECO "B12"]
[WhiteElo "2326"]
[BlackElo "2481"]
[Annotator "TA"]
[PlyCount "44"]
[EventDate "2022.03.27"]
[EventType "tourn"]
[EventCountry "SRB"]
[SourceTitle "playchess.com"]
[Source "ChessBase"]
[SourceQuality "1"]
[TimeControl "40/5400+30:900+30"]

1. e4 c6 2. d4 d5 3. e5 Bf5 4. Nd2 e6 5. Nb3 Nd7 6. Nf3 Qc7 {[%emt 0:00:06] B12: Caro-Kann: Advance Variation.} 7. Be2 f6 8. exf6 (8. Bf4 $14) 8... Ngxf6 $15 {[%emt 0:00:20] Black is slightly better.} 9. O-O Bd6 {[%emt 0:00:17] [#]} 10. h3 $146 ({Predecessor:} 10. Bg5 O-O 11. Bh4 Ne4 12. c4 Rae8 13. Nbd2 Ndf6 14. Nxe4 Nxe4 15. Bg3 Nxg3 16. hxg3 {0-1 (72) Zinchenko,Y (2546)-Lastin,A (2643) ICC INT 2010}) 10... O-O 11. c3 Rae8 12. Be3 e5 13. dxe5 Nxe5 14. Re1 Ne4 15. Nxe5 Bxe5 16. Nd2 Bh2+ 17. Kh1 Bf4 {[%emt 0:01:13] [#] Strongly threatening ...Bxe3. &Nero is much more active.} 18. Nxe4 {[%emt 0:07:25] Bxf4 is the strong threat.} Bxe3 19. Bh5 $2 Bxe4 $19 {[%emt 0:24:05] Black is clearly winning.} 20. Rxe3 {[%emt 0:34:13] [#]} Rxf2 $1 21. Bf3 Qg3 ({Weaker is} 21... Rxb2 22. Qc1 Rb5 23. Qd2 $19) 22. Qe1 Rxg2 {[%emt 0:00:58] White got outplayed after the opening.  Weighted Error Value: White=0.57/Black=0.01 (flawless)} (22... Rxf3 23. Qxg3 Rxe3 24. Qg4 $17) 0-1

[Event "RUDAR 2 IM 2022"]
[Site "Pozarevac"]
[Date "2022.04.07"]
[Round "7.2"]
[White "Dudukovic, Nikola"]
[Black "Velikic, Adela"]
[Result "1/2-1/2"]
[ECO "D11"]
[WhiteElo "2362"]
[BlackElo "2258"]
[Annotator "TA"]
[PlyCount "105"]
[EventDate "2022.03.27"]
[EventType "tourn"]
[EventCountry "SRB"]
[SourceTitle "playchess.com"]
[Source "ChessBase"]
[SourceQuality "1"]
[TimeControl "40/5400+30:900+30"]

1. d4 d5 2. Nf3 Nf6 3. g3 c6 4. Bg2 Bf5 5. O-O h6 6. c4 e6 7. Nc3 Be7 8. Qb3 Qb6 9. c5 Qxb3 10. axb3 O-O 11. b4 a6 12. Bf4 Nbd7 13. h3 g5 14. Be3 Bh7 15. Nd2 Nh5 16. Kh2 Kh8 17. Nb3 Rab8 18. Bd2 f5 19. f4 Rg8 20. e3 Rg7 21. Rg1 Ndf6 22. Be1 Rbg8 23. Bf2 Bd8 24. Bf1 Bc7 25. Be2 Bg6 26. Na5 Bb8 27. Bd3 Rf7 28. Kh1 Ne4 29. Nxe4 fxe4 30. Be2 Nf6 31. Raf1 Bh5 32. g4 Bg6 33. Bg3 gxf4 34. Bxf4 Nd7 $2 (34... Bxf4 $14 35. Rxf4 Rgf8) 35. Nxb7 $18 (35. Bxh6 $6 Rh7 $16) 35... e5 36. dxe5 ({Don't do} 36. Bxh6 $6 Rh7 $16) 36... Nxe5 37. Bxe5+ ({Don't play} 37. Bxa6 $6 Nf3) (37. Nd6 $18 Bxd6 38. cxd6) 37... Bxe5 $16 38. Rxf7 Bxf7 39. Bxa6 d4 40. exd4 Bxd4 41. Rd1 Bxb2 42. Nd6 Be6 (42... Bd5 $14) 43. b5 (43. Nxe4 $16 Bd5 {[#]} 44. Rxd5 $1 cxd5 45. Nd6) 43... cxb5 $14 44. Bxb5 e3 45. c6 Be5 46. c7 h5 ({Black should play} 46... Kg7 $14) 47. Bc4 ({Better is} 47. c8=R $16 Bxc8 48. Nf7+ (48. gxh5 $2 Bxd6 49. Bc6 Bb4 $19) 48... Kg7 49. Nxe5) 47... Bxc4 $11 48. Nxc4 e2 49. Re1 Bxc7 50. Rxe2 hxg4 51. hxg4 Rxg4 52. Re8+ Rg8 53. Rxg8+ 1/2-1/2

[Event "RUDAR 2 IM 2022"]
[Site "Pozarevac"]
[Date "2022.04.07"]
[Round "7.3"]
[White "Anishka Vikram"]
[Black "Ivanovic, Marko"]
[Result "0-1"]
[ECO "E94"]
[WhiteElo "2000"]
[BlackElo "2302"]
[Annotator "TA"]
[PlyCount "86"]
[EventDate "2022.03.27"]
[EventType "tourn"]
[EventCountry "SRB"]
[SourceTitle "playchess.com"]
[Source "ChessBase"]
[SourceQuality "1"]
[TimeControl "40/5400+30:900+30"]

1. d4 Nf6 2. c4 g6 3. Nc3 Bg7 4. e4 d6 5. Nf3 O-O 6. Be2 Nbd7 7. O-O e5 8. d5 Nc5 9. Nd2 a5 10. b3 Ne8 11. a3 f5 12. Rb1 Bh6 13. f3 Bd7 14. b4 axb4 15. axb4 Be3+ 16. Kh1 Na4 17. Nxa4 Bxa4 18. Nb3 Bxc1 19. Qxc1 Qh4 20. Qe1 Qxe1 21. Rfxe1 Bxb3 22. Rxb3 fxe4 23. fxe4 Ra2 24. Kg1 Nf6 25. Bf3 Rc2 26. c5 Ra8 27. Rbb1 Raa2 28. Rec1 g5 29. Rxc2 Rxc2 30. g3 ({White should try} 30. cxd6 cxd6 31. g3) 30... g4 31. Bg2 Kf7 32. cxd6 cxd6 33. b5 Ke7 34. Ra1 {[%emt 0:02:35] [#]} (34. Rb4 $17 {might work better.}) 34... Rb2 $1 $19 35. Bf1 (35. Ra5 {was called for.}) 35... Nxe4 $19 36. Ra4 (36. Re1 $142 Nc3 37. Bd3) 36... Ng5 $19 37. Bd3 Rd2 38. Ra3 (38. Be4 $142) 38... e4 $19 39. Bc4 Rc2 40. Ba2 Kf6 (40... Nf3+ $142 41. Kf1 Rb2 42. Ra4 e3 43. Re4+ Kd7 44. Rxe3 Rxa2 45. Re6 Rxh2 46. Rf6 Ne5 47. Rf5 Rb2 48. b6 Rd2 49. Rh5 Rxd5 50. Rxh7+ Kc6 51. Rh8 Kxb6 52. Rc8 Rc5 53. Rg8 Rc2 54. Ke1 Rg2 55. Kf1 Rxg3 56. Rg7 Kc6 57. Rg8 Rf3+ 58. Kg1 b5 59. Rc8+ Kd5 60. Rb8 Kc5 61. Rc8+ Kd4 62. Rc2 b4 63. Rd2+ Kc5 64. Ra2 b3 65. Ra5+ Kc4 66. Ra1 Kd4 67. Ra6 Nc4 68. Ra4 Kc3 69. Ra8 b2 70. Rb8 Kc2 71. Kh2 b1=Q 72. Rxb1 Kxb1 73. Kh1 Ne3 74. Kh2 Kb2 75. Kh1 g3 76. Kg1 Rf1#) 41. Bb3 Rb2 (41... Nf3+ $142 42. Kf1 Rc3) 42. Bc4 Nf3+ 43. Kf1 Nd2+ 0-1

[Event "RUDAR 2 IM 2022"]
[Site "Pozarevac"]
[Date "2022.04.07"]
[Round "7.4"]
[White "Andreev, Konstantin"]
[Black "Savitha Shri B"]
[Result "0-1"]
[ECO "B90"]
[WhiteElo "2238"]
[BlackElo "2257"]
[Annotator "TA"]
[PlyCount "108"]
[EventDate "2022.03.27"]
[EventType "tourn"]
[EventCountry "SRB"]
[SourceTitle "playchess.com"]
[Source "ChessBase"]
[SourceQuality "1"]
[TimeControl "40/5400+30:900+30"]

1. e4 c5 2. Nf3 d6 3. d4 cxd4 4. Nxd4 Nf6 5. Nc3 a6 6. h3 Nbd7 7. g4 Nc5 8. Bg2 e5 9. Nde2 h6 10. Be3 Be6 11. Ng3 b5 12. O-O Rc8 13. Kh1 g5 14. Nd5 Ncd7 15. Kg1 h5 16. Bxg5 hxg4 17. hxg4 Rg8 18. Qd2 Bxg4 19. c3 Be6 20. Rae1 Bxd5 21. exd5 Rc4 22. f4 Qb6+ 23. Qf2 Nh7 24. Qxb6 Nxb6 25. Ne4 Nxd5 26. Nd2 Nxg5 27. Nxc4 Nxf4 28. Ne3 Be7 29. Kh2 Rh8+ 30. Kg1 Rg8 31. Kh2 Nge6 32. Bc6+ Kf8 33. Nf5 {[%emt 0:00:28] [#]} (33. Ng2 $17) 33... Rh8+ $1 $19 34. Kg3 Rg8+ $2 ({Black should try} 34... Rh3+ $19 35. Kg4 Rh5 36. Nxe7 Kxe7) 35. Kf3 (35. Kh2 $11) 35... Nd3 ({Black should play} 35... Rg2 $17 {Threatens to win with ...Bd8.} 36. Rg1 Rxb2) 36. Rb1 $11 Rg5 37. Nxe7 Kxe7 38. Be4 (38. Ke3 $11 {remains equal.} Nef4 39. Be4) 38... Ndc5 39. Rg1 Rh5 40. Bd5 $2 (40. Bc2 $17) 40... Nf4 $19 41. Bb3 {[%emt 0:02:08] [#]} Rh3+ $1 42. Rg3 Rh2 43. Rg7 d5 44. Rd1 Nxb3 45. axb3 Rxb2 46. Ra1 Ne6 47. Rg2 $2 (47. Rg3) 47... e4+ $19 48. Kg3 Rxb3 49. Rxa6 Rxc3+ 50. Kg4 e3 51. Kf5 d4 52. Ra7+ Kd6 53. Ke4 f5+ 54. Kf3 e2+ 0-1

[Event "RUDAR 2 IM 2022"]
[Site "Pozarevac"]
[Date "2022.04.07"]
[Round "7.5"]
[White "Milanovic, Slavisa"]
[Black "Rajkovic, Aleksandar"]
[Result "1/2-1/2"]
[ECO "B38"]
[WhiteElo "2296"]
[BlackElo "2181"]
[Annotator "TA"]
[PlyCount "78"]
[EventDate "2022.03.27"]
[EventType "tourn"]
[EventCountry "SRB"]
[SourceTitle "playchess.com"]
[Source "ChessBase"]
[SourceQuality "1"]
[TimeControl "40/5400+30:900+30"]

1. c4 d6 2. d4 Nf6 3. Nc3 g6 4. e4 Bg7 5. h3 c5 6. Nf3 cxd4 7. Nxd4 O-O 8. Be3 Nc6 9. Be2 Bd7 10. O-O Nxd4 11. Bxd4 Bc6 12. Qc2 Nd7 13. Bxg7 Kxg7 14. b4 b6 15. Rac1 a5 16. a3 axb4 17. axb4 Ra7 18. f4 Qa8 19. Qd3 Kg8 20. Qd4 Qb8 21. Rc2 Ra3 22. Bg4 Nf6 23. b5 (23. Bf3 $14) 23... e5 (23... Ba8 $1 $11) 24. fxe5 $16 dxe5 25. Qd1 Nxe4 {[%emt 0:04:34] [#]} ({Better is} 25... Bxe4 $14 26. Rxf6 Bxc2 27. Qxc2 e4) 26. bxc6 $2 (26. Nb1 $1 $18 ) 26... Nxc3 $14 (26... Rxc3 $2 27. Rxc3 Nxc3 28. Qd7 $18) 27. Qc1 Qd6 28. c7 f5 29. Bxf5 gxf5 30. Qg5+ Kh8 31. Rxf5 Ra1+ (31... Qc5+ $2 32. Kh2 Raa8 33. Rxf8+ Qxf8 34. Rxc3 $18) 32. Kh2 e4+ 33. Qf4 Qxf4+ 34. Rxf4 Rc8 35. Rxc3 Rxc7 36. Rxe4 Ra8 37. Rg3 Rg8 38. Rb3 Rgc8 39. Rb4 Rc5 1/2-1/2

[Event "RUDAR 2 IM 2022"]
[Site "Pozarevac"]
[Date "2022.04.08"]
[Round "8.1"]
[White "Ivanovic, Marko"]
[Black "Milanovic, Slavisa"]
[Result "1-0"]
[ECO "C18"]
[WhiteElo "2302"]
[BlackElo "2296"]
[Annotator "TA"]
[PlyCount "117"]
[EventDate "2022.03.27"]
[EventType "tourn"]
[EventCountry "SRB"]
[SourceTitle "playchess.com"]
[Source "ChessBase"]
[SourceQuality "1"]
[TimeControl "40/5400+30:900+30"]

1. e4 e6 2. d4 d5 3. Nc3 Bb4 4. e5 c5 5. a3 Bxc3+ 6. bxc3 Ne7 7. Qg4 Qc7 8. Bd3 c4 9. Be2 ({Wrong is} 9. Qxg7 $2 Rg8 10. Qxh7 cxd3 11. Qxd3 b6 $17) 9... Qa5 {[%emt 0:00:07] C18: French: 3 Nc3 Bb4: Main line: 7 h4 and 7 Qg4.} 10. Bd2 (10. Qxg7 $2 Qxc3+ 11. Kf1 Rg8 $19) 10... Nf5 11. h4 $1 {[%emt 0:00:27][%cal Bh2h4,Bh4h5][%mdl 4] outshines the older 11.Nf3.} Qa4 {[%emt 0:00:18] The position is equal.} 12. h5 h6 13. Nf3 Qxc2 {[%emt 0:11:09] [#]} 14. Rc1 $146 ({Predecessor:} 14. O-O Bd7 15. a4 b6 16. Bd1 Qb2 17. Rc1 Nc6 18. Bc2 Rg8 19. Qh3 Na5 20. g4 {½-½ (33) Broekhuizen,A (1919)-Hallqvist,N (1992) FICGS email 2020}) 14... Qa2 15. Nh4 {[%emt 0:04:11][%mdl 1024] White has compensation.} Rh7 (15... Kf8 $11 {remains equal.}) 16. Bd1 Nc6 17. Bc2 Nce7 (17... Qxa3 $14 18. Nxf5 exf5 19. Bxf5 Bxf5 20. Qxf5 Rh8) 18. a4 $16 {[%emt 0:02:04] &Bianco is more active.} Bd7 (18... Qb2 $16) 19. Qd1 $18 Rh8 20. Ra1 Qb2 {[%emt 0:00:11] [#]} 21. Rb1 $1 Qa3 22. Nxf5 exf5 (22... Nxf5 {was called for.} 23. Rxb7 (23. g4 Ne7 $14) 23... Bc6) 23. Rxb7 Nc6 24. Qf3 (24. Qb1 $142 Rd8 25. O-O) 24... O-O-O (24... Qa1+ $142 25. Bd1 O-O-O) 25. Rb1 Be6 26. O-O ({Resist} 26. Bxf5 $6 Rd7 $16) 26... g6 27. Rb5 Kc7 28. Rfb1 Rb8 29. Rxb8 {[%emt 0:00:04] Dancing on a razor blade.} Nxb8 (29... Rxb8 $16 30. Rxb8 (30. Bxh6 Rxb1+ 31. Bxb1 Qb3 $11) 30... Kxb8) 30. Bc1 Qa2 31. Rb2 Qa1 32. Rb1 Qa2 {[%emt 0:00:07] [#]} 33. Qd1 Nc6 $2 (33... Nd7 {was worth a try.} 34. Bxh6 gxh5) 34. Rb5 Rb8 35. Bb1 Qxb1 36. Rxb1 Rxb1 37. Qc2 Ra1 38. Kh2 gxh5 39. Bxh6 Na5 40. Bf8 Nb3 41. Bd6+ (41. f4 $18 {and White stays clearly on top.}) 41... Kb7 $2 {[%emt 0:03:04] A mistake that costs the game.} (41... Kb6 $16 {is a better defense.} 42. Kg3 Rxa4) 42. Qe2 Rxa4 $2 (42... Ka6 {was necessary.} 43. Qxh5 f4) 43. Qxh5 Na5 44. f4 {[%emt 0:02:54][%cal Og2g4] Threatens to win with g4!} Ra2 45. Kh3 {[%emt 0:00:38][%cal Og2g4] And now g4! would win.} Ra1 (45... Rc2 $142) 46. Qe2 Nb3 (46... Rh1+ $142 47. Kg3 Nb3) 47. Kh4 a5 48. Kg5 a4 $2 (48... Kc6 49. Qf2 Rd1) 49. Qb2 Rg1 50. Kf6 {[%emt 0:00:17] Strongly threatening Qa3.} Ra1 {[%emt 0:00:54] Inhibits Qa3.} 51. Ke7 Kc6 52. g3 {[%emt 0:00:12] Intending Qh2 and mate.} Kb5 53. Kd8 Kb6 54. Bb4 Kc6 55. Ke7 {[%emt 0:00:37] Hoping for Qh2.} Kc7 56. Qh2 {[%emt 0:04:30] Qh8 would kill now.} a3 57. Qh8 {[%emt 0:00:03] White mates.} Kb7 58. Qe8 a2 59. Qb5+ {[%emt 0:00:05] Weighted Error Value: White=0.42/Black=0.58} 1-0

[Event "RUDAR 2 IM 2022"]
[Site "Pozarevac"]
[Date "2022.04.08"]
[Round "8.2"]
[White "Velikic, Adela"]
[Black "Anishka Vikram"]
[Result "1-0"]
[ECO "A16"]
[WhiteElo "2258"]
[BlackElo "2000"]
[Annotator "TA"]
[PlyCount "165"]
[EventDate "2022.03.27"]
[EventType "tourn"]
[EventCountry "SRB"]
[SourceTitle "playchess.com"]
[Source "ChessBase"]
[SourceQuality "1"]
[TimeControl "40/5400+30:900+30"]

1. c4 Nf6 2. Nc3 d5 3. cxd5 Nxd5 4. Nf3 Nxc3 5. bxc3 g6 6. h4 {[%emt 0:00:09] A16: English Opening: 1...Nf6 with ...d5.} h6 7. Rb1 Bg7 8. e4 {[%emt 0:04:32] White is slightly better.} c5 {[%emt 0:08:24] [#]} 9. Bb5+ $146 ({Predecessor:} 9. d4 b6 10. Bf4 Bg4 11. Qa4+ Bd7 12. Qa3 O-O 13. Be5 Bxe5 14. Nxe5 Nc6 15. Nxc6 Bxc6 {½-½ (26) Muhsen,A (2203)-Seger,R (2393) Pardubice 2013}) 9... Bd7 10. O-O O-O 11. d4 cxd4 12. cxd4 Bg4 13. Be3 (13. Be2 $14) 13... Nd7 (13... e6 $11) 14. Qd2 (14. Be2 $5 ) 14... Bxf3 15. gxf3 e5 ({Black should try} 15... Nf6 $14) 16. dxe5 {[%emt 0:15:48] &Bianco is more active.} (16. Bxh6 {seems wilder.} Bxh6 17. Qxh6 exd4 18. h5) 16... Nxe5 17. Qxd8 $1 Rfxd8 18. Be2 {[%emt 0:00:47] A strong pair of Bishops.} b6 19. Rfc1 Nd3 20. Rc4 ({Better is} 20. Rc7 $16) 20... Bf6 (20... Be5 $14) 21. h5 $16 g5 22. Bxd3 Rxd3 23. Ra4 Rad8 24. Rxa7 Bd4 25. Bxd4 R8xd4 $14 {[%emt 0:00:11][%mdl 4096] Endgame KRR-KRR} 26. Kg2 Rd6 (26... g4 $1 $14) 27. Ra6 Kg7 28. Rbxb6 Rxb6 29. Rxb6 $16 {[%emt 0:00:04] KR-KR} Ra3 30. Rb2 Kf6 31. Kg3 Kg7 32. Kg4 Ra4 33. Re2 Ra5 34. f4 gxf4 35. f3 $1 ({Don't play} 35. Kxf4 Rxh5 36. a4 Ra5 $16) 35... Rg5+ 36. Kxf4 Rxh5 37. e5 (37. a4 $16) 37... Rh4+ 38. Kf5 {[%emt 0:00:12] Rg2+ is the strong threat.} Ra4 39. Rg2+ Kf8 40. f4 Ke7 41. Rh2 Ra5 42. Kg4 Ra4 43. Rf2 Ke6 44. Rh2 Ke7 45. Rb2 Ke6 46. Rb6+ Ke7 47. Rxh6 Rxa2 48. Rb6 Ra5 49. Kg5 Rc5 $1 50. Rb7+ Kf8 $1 51. Rd7 {[%emt 0:00:47] And now Kf6 would win.} Ke8 52. Ra7 {[%emt 0:00:18] Threatens to win with f5.} Kf8 $1 53. Kf6 Rc6+ 54. Kf5 Rb6 55. Rd7 Kg7 56. Re7 Kf8 57. Rd7 Kg7 58. Kg4 {[%emt 0:00:25] Hoping for f5.} Re6 59. Kf3 Kf8 60. Ke4 Ra6 61. f5 Ke8 62. Rc7 Rb6 $2 (62... Ra1 $14) 63. Kd5 $2 ({White must play} 63. Kf4 $1 $18 Rb5 64. Rc8+ Kd7 65. Ra8) 63... Ra6 64. f6 {[%emt 0:00:55] aiming for Rc8+.} Ra5+ ({Black should play} 64... Ra1 $1 $14) 65. Kd6 $1 Ra6+ $2 (65... Ra8 $16 66. Re7+ Kf8) 66. Rc6 $1 $18 Ra8 67. Rb6 $1 Rd8+ 68. Kc7 $1 {[%emt 0:00:15] White wants to mate with Ra6.} Rd7+ 69. Kc6 Rd8 70. Rb7 $2 (70. Ra6 $1 Rc8+ 71. Kd6 Rd8+ 72. Kc7 Rd7+ 73. Kc6 Rd8 74. Ra3 Kf8 75. Kc7) 70... Rc8+ $16 71. Rc7 $1 Rd8 $2 (71... Ra8 $16 72. Re7+ Kf8) 72. Kb7 $2 (72. Re7+ $1 Kf8 73. Rd7 Rc8+ 74. Kb7 Re8 75. Kc7 Rxe5 76. Rd8+ Re8 77. Kd7) 72... Rd7 {[%emt 0:00:31] Strongly threatening ...Kd8.} 73. Kc6 $2 (73. Rxd7 {is a self mate.} Kxd7 74. Kb6 Ke6 75. Kc6 Kxe5 76. Kc5 Kxf6 77. Kd4 Kf5 78. Ke3 Kg4 79. Kf2 Kf4 80. Ke2 Kg3 81. Kf1 Kf3 82. Kg1 f5 83. Kf1 f4 84. Ke1 Kg2 85. Ke2 f3+ 86. Kd3 f2 87. Ke4 f1=Q 88. Kd5 Kf3 89. Kd6 Qc4 90. Ke5 Kg4 91. Kd6 Kf5 92. Kd7 Ke5 93. Ke8 Qc7 94. Kf8 Kf6 95. Kg8 Qg7#) (73. Kb6 $14 Rd1 74. Re7+ Kf8 75. Kc7) 73... Rd8 74. Re7+ $1 Kf8 75. Ra7 $2 (75. Rd7 $1 {mates} Rc8+ 76. Kb7 Re8 77. Kc7 Kg8 78. Rd8 Rxd8 79. Kxd8 Kh7 80. e6) 75... Ke8 $2 (75... Kg8 $16 76. Ra1 Re8) 76. Ra4 {[%emt 0:00:43] White mates.} Rc8+ 77. Kd6 $1 Rd8+ 78. Kc7 $1 Rd7+ 79. Kc6 Rd8 80. Rh4 Rc8+ {[%emt 0:00:22] [#]} 81. Kd6 $1 Rd8+ {[%emt 0:00:05] [#]} 82. Kc7 $1 Rd7+ 83. Kc6 {[%emt 0:00:05] Weighted Error Value: White=0.12 (very precise) /Black=0.09 (flawless)} 1-0